 Dungeon Crawl Stone Soup version 0.18.1-6-gd335043 (webtiles) character file.

6207 lightmor the Severer (level 10, -10/126 HPs)
             Began as a Minotaur Berserker on May 17, 2016.
             Was a High Priest of Trog.
             Mangled by a troll (12 damage)
             ... on level 9 of the Dungeon.
             The game lasted 00:15:22 (8435 turns).

lightmor the Severer (Minotaur Berserker)           Turns: 8435, Time: 00:15:23

Health: -10/126    AC:  8    Str: 30    XL:     10   Next: 61%
Magic:  3/3        EV: 15    Int:  4    God:    Trog [*****.]
Gold:   593        SH:  0    Dex: 10    Spells: 0 memorised, 9 levels left

rFire  . . .     SeeInvis .     L - +5 executioner's axe (antimagic)
rCold  + . .     Gourm    .     B - +2 robe {MR+}
rNeg   . . .     Faith    .     (shield currently unavailable)
rPois  .         Spirit   .     (helmet restricted)
rElec  .         Dismiss  .     s - +0 cloak
rCorr  .         Reflect  .     (no gloves)
SustAt .         Harm     .     d - +2 pair of boots
MR     +....                    (no amulet)
Stlth  ..........               b - +1 ring of evasion
                                q - ring of protection from cold

@: berserking, very quick, somewhat resistant to hostile enchantments, extremely
unstealthy
A: retaliatory headbutt, horns 2
a: Berserk, Trog's Hand, Brothers in Arms, Burn Spellbooks, Renounce Religion


You were on level 9 of the Dungeon.
You worshipped Trog.
Trog was extremely pleased with you.
You were hungry.

You visited 1 branch of the dungeon, and saw 9 of its levels.
You also visited: Ossuary.

You collected 593 gold pieces.

Inventory:

Hand Weapons
 F - a +0 broad axe
 L - a +5 antimagic executioner's axe (weapon)
Armour
 d - a +2 pair of boots (worn)
 s - a +0 cloak (worn)
 B - a +2 robe of magic resistance (worn)
Jewellery
 b - a +1 ring of evasion (right hand)
 q - a ring of protection from cold (left hand)
Wands
 a - a wand of slowing (27/48)
 k - a wand of flame (37/48)
 A - a wand of random effects (11/48)
 C - a wand of polymorph (12/24)
 J - a wand of teleportation (2/9)
Scrolls
 e - 4 scrolls of teleportation
 h - 2 scrolls of amnesia
 i - a scroll of magic mapping
 j - 3 scrolls of remove curse
 n - 2 scrolls of blinking
 o - a scroll of fog
 r - a scroll of enchant weapon
 w - a scroll of holy word {unknown}
 x - 2 scrolls of enchant armour {unknown}
 y - a scroll of recharging {unknown}
 D - a scroll of immolation
 E - a scroll of fear {unknown}
 G - a scroll of random uselessness {unknown}
 K - 2 scrolls of identify
 N - a scroll of vulnerability {unknown}
Potions
 l - 3 potions of curing
 m - 5 potions of degeneration
 t - a potion of heal wounds
 u - 3 potions of flight
 v - a potion of agility
 z - 2 potions of brilliance {unknown}
 O - a potion of berserk rage {unknown}
Comestibles
 c - 7 bread rations
 f - 5 meat rations
 g - 8 slices of pizza
 p - a chunk of flesh
 H - 2 fruits
 I - a royal jelly
 M - 2 beef jerkies


   Skills:
 * Level 6.4 Fighting
 - Level 15.3 Axes
 * Level 4.1 Armour
 * Level 5.5 Dodging
 + Level 5.2 Stealth


You had 9 spell levels left.
You didn't know any spells.

Dungeon Overview and Level Annotations

Branches:
Dungeon (9/15)             Temple (0/1) D:4
   Lair: D:8-11         Orc: D:9-12

Altars:
Dithmenos
Elyvilon
Gozag
Makhleb
Nemelex Xobeh
Sif Muna
Vehumet
Yredelemnul
Zin


Innate Abilities, Weirdness & Mutations

You reflexively headbutt those who attack you in melee.
You have a pair of horns on your head.


Message History

You furiously retaliate!
You headbutt the troll! The troll barely misses you. The troll claws you.
* * * LOW HITPOINT WARNING * * *
A hound comes into view.
Your unstable footing causes you to fumble your attack.
The hound barks!
The hound bites you but does no damage. The troll misses you.
The troll claws you but does no damage. The troll claws you!
* * * LOW HITPOINT WARNING * * *
The wolf completely misses you.
Your unstable footing causes you to fumble your attack.
The adder misses you.
The wolf splashes around in the water.
The hound closely misses you. The wolf bites you.
* * * LOW HITPOINT WARNING * * *
The troll bites you.
* * * LOW HITPOINT WARNING * * *
The troll claws you!
* * * LOW HITPOINT WARNING * * *
The troll claws you!
You die...

#.# #.# #.#### #....##
#.##..#######
#............
##............
#.>...hT.≈.≈≈.
#####'#...@h.≈.;≈≈
...##.......≈S;hhh.≈≈≈
.......<.....≈≈≈≈≈.≈≈≈
...##........≈≈≈≈Zh≈≈≈
#.........≈≈≈h.≈≈≈
#.........≈≈≈h...≈
#........≈≈≈...≈≈≈
######...≈≈≈....;≈
....≈≈


You could see a troll, 3 wolves, 5 hounds, 3 electric eels, an adder and a
quokka skeleton.

Vanquished Creatures
  Erolcha (D:8)
  Grinder (D:4)
  Sigmund (D:4)
  3 hogs (D:7)
  A human (D:7)
  A hungry ghost (D:8)
  The ghost of George the Slasher, an amateur DsGl (D:3)
  A water moccasin (D:7)
  5 orc warriors
  2 phantoms (D:5)
  A wasp (D:7)
  4 sky beasts
  5 ogres
  3 centaurs
  The ghost of Scuka the Cudgeler, an amateur GrFi (D:4)
  Blork the orc (D:5)
  2 big kobolds (D:8)
  5 giant frogs
  5 scorpions
  3 wights (D:6)
  2 crimson imps
  A quasit (D:7)
  3 hounds
  A centaur skeleton (D:8)
  5 orc priests
  5 iguanas
  Terence (D:3)
  3 worker ants
  16 orc wizards
  A sheep (D:7)
  A hound skeleton (D:6)
  8 mummies (Ossuary)
  A worker ant zombie (D:6)
  A howler monkey zombie (D:6)
  4 gnolls (D:5)
  11 adders
  2 shadow imps (D:8)
  8 oozes
  A worm (D:3)
  2 dart slugs
  4 giant geckos
  54 orcs
  8 bats
  10 giant cockroaches
  A gnoll zombie (Ossuary)
  7 goblins
  9 hobgoblins
  6 jackals
  13 kobolds
  3 quokkas
  A ball python (D:4)
  A giant gecko skeleton (D:4)
  5 giant newts
  2 hobgoblin zombies (Ossuary)
  4 kobold zombies (Ossuary)
  An orc zombie (Ossuary)
  10 rats
263 creatures vanquished.

Notes
Turn   | Place    | Note
--------------------------------------------------------------
     0 | D:1      | lightmor the Minotaur Berserker began the quest for the Orb.
     0 | D:1      | Reached XP level 1. HP: 19/19 MP: 0/0
     1 | D:1      | Found a runed door.
   150 | D:1      | Reached skill level 4 in Axes
   233 | D:1      | Reached XP level 2. HP: 26/26 MP: 1/1
   392 | D:1      | Found a sparkling altar of Nemelex Xobeh.
   812 | D:1      | Reached skill level 5 in Axes
   923 | D:1      | Reached XP level 3. HP: 31/31 MP: 2/2
   927 | D:1      | Reached ** piety under Trog
   978 | D:2      | Reached XP level 4. HP: 39/39 MP: 3/3
   992 | D:2      | Reached skill level 6 in Axes
  1338 | D:2      | Reached *** piety under Trog
  1631 | D:3      | Noticed George's ghost (amateur DsGl)
  1646 | D:3      | Killed George's ghost
  1646 | D:3      | Reached skill level 7 in Axes
  1646 | D:3      | Reached XP level 5. HP: 28/45 MP: 4/4
  1959 | D:3      | Noticed Terence
  1969 | D:3      | Killed Terence
  1969 | D:3      | Reached skill level 8 in Axes
  1969 | D:3      | Reached XP level 6. HP: 51/51 MP: 5/5
  2032 | D:3      | Noticed a sky beast
  2066 | D:3      | Killed a sky beast
  2476 | D:3      | Found an opulent altar of Gozag.
  2478 | D:3      | Found a glowing silver altar of Zin.
  2638 | D:4      | Noticed Sigmund
  2640 | D:4      | Noticed Scuka's ghost (amateur GrFi)
  2648 | D:4      | Killed Scuka's ghost
  2648 | D:4      | Reached skill level 9 in Axes
  2651 | D:4      | Killed Sigmund
  2651 | D:4      | Reached skill level 1 in Stealth
  2651 | D:4      | Reached XP level 7. HP: 57/57 MP: 6/6
  2700 | D:4      | Noticed Grinder
  2711 | D:4      | Paralysed by Grinder for 2 turns
  2724 | D:4      | Killed Grinder
  2724 | D:4      | Reached skill level 10 in Axes
  2738 | D:4      | Found a sand-covered staircase.
  2742 | Ossuary  | Entered an ossuary
  2925 | Ossuary  | Reached skill level 11 in Axes
  3156 | D:4      | Reached XP level 8. HP: 64/64 MP: 7/7
  3266 | D:4      | Reached **** piety under Trog
  3272 | D:4      | You fall through a shaft!
  3272 | D:5      | Entered Level 5 of the Dungeon
  3272 | D:5      | Noticed Blork the orc
  3283 | D:5      | Killed Blork the orc
  3283 | D:5      | Received a gift from Trog
  3534 | D:5      | Reached skill level 12 in Axes
  4136 | D:5      | Reached skill level 13 in Axes
  4223 | D:6      | Reached XP level 9. HP: 66/70 MP: 8/8
  5273 | D:6      | Reached ***** piety under Trog
  5604 | D:4      | Reached skill level 14 in Axes
  5777 | D:4      | Found a staircase to the Ecumenical Temple.
  6459 | D:7      | Found a white marble altar of Elyvilon.
  6462 | D:7      | Found a deep blue altar of Sif Muna.
  6463 | D:7      | Found a shadowy altar of Dithmenos.
  6463 | D:7      | Found a radiant altar of Vehumet.
  6498 | D:7      | Found a burning altar of Makhleb.
  6615 | D:7      | Received a gift from Trog
  6615 | D:7      | Reached skill level 15 in Axes
  6849 | D:7      | Reached XP level 10. HP: 36/78 MP: 3/9
  7933 | D:8      | Found a basalt altar of Yredelemnul.
  8031 | D:8      | Reached skill level 5 in Fighting
  8148 | D:8      | Noticed Erolcha
  8155 | D:8      | Reached skill level 5 in Stealth
  8156 | D:8      | Killed Erolcha
  8156 | D:8      | Reached skill level 5 in Dodging
  8435 | D:9      | HP: 2/126 [troll (9)]
  8435 | D:9      | Mangled by a troll

Skill      XL: |  1  2  3  4  5  6  7  8  9 10 |
---------------+-------------------------------+-----
Axes           | 4 5 7 8 9 11 13 15 | 15.3
Stealth        | 1 2 3 4 5 |  5.2
Fighting       | 6 |  6.4
Armour         | 4 |  4.1
Dodging        | 5 |  5.5

Action                   |  1- 3 |  4- 6 |  7- 9 | 10-12 || total
-------------------------+-------+-------+-------+-------++-------
Melee: Hand axe          |    53 |   111 |   210 |       ||   374
       Headbutt          |     8 |    18 |    61 |    16 ||   103
       Broad axe         |       |       |    98 |       ||    98
       Executioner's axe |       |       |    22 |   123 ||   145
Invok: Berserk           |     1 |     3 |     6 |     2 ||    12
       Trog's Hand       |       |       |     2 |       ||     2
       Burn Spellbooks   |       |       |       |     1 ||     1
  Use: Scroll            |     3 |     5 |     7 |       ||    15
 Stab: Sleeping          |       |       |     6 |     4 ||    10
  Eat: Chunk             |     1 |     7 |    16 |    10 ||    34
       Meat ration       |       |       |     1 |       ||     1
Armor: Animal skin       |    23 |    32 |    11 |       ||    66
       Robe              |       |       |    63 |    39 ||   102
Dodge: Dodged            |    41 |    68 |   148 |    97 ||   354
